 Dungeon Crawl Stone Soup version 0.28.0-47-ge53b351184 (webtiles) character file.

Game seed: 15969510248018218463

52 Iusername the Skirmisher (level 3, -9/33 HPs)
             Began as a Minotaur Fighter on May 4, 2022.
             Mangled by a gnoll
             ... wielding a +0 halberd
              (10 damage)
             ... on level 2 of the Dungeon.
             The game lasted 00:01:54 (1215 turns).

Iusername the Skirmisher (Minotaur Fighter)         Turns: 1215, Time: 00:01:55

Health: -9/33      AC:  8    Str: 20    XL:     3   Next: 60%
Magic:  2/2        EV:  9    Int:  7    God:
Gold:   60         SH:  4    Dex:  9    Spells: 2/2 levels left

rFire   . . .      SeeInvis .   a - +0 long sword
rCold   . . .      Faith    .   c - +0 buckler
rNeg    . . .      Spirit   .   b - +0 scale mail
rPois   .          Reflect  .   (helmet restricted)
rElec   .          Harm     .   (no cloak)
rCorr   .          Rampage  .   (no gloves)
Will    .....                   g - +0 pair of boots
Stlth   ..........              (no amulet)
HPRegen 0.11/turn               (no ring)
MPRegen 0.08/turn               (no ring)

@: mighty
A: horns 2, retaliatory headbutt
a: no special abilities


You were on level 2 of the Dungeon.
You visited 1 branch of the dungeon, and saw 2 of its levels.

You collected 60 gold pieces.

Inventory:

Hand Weapons
 a - a +0 long sword (weapon)
Armour
 b - a +0 scale mail (worn)
 c - a +0 buckler (worn)
 g - a +0 pair of boots (worn)
Scrolls
 e - a scroll of noise {unknown}
 i - a scroll of blinking {unknown}
Potions
 f - a potion of degeneration {unknown}
 h - a potion of cancellation {unknown}


   Skills:
 + Level 4.2 Fighting
 + Level 3.3 Long Blades
 + Level 4.2 Armour
 + Level 0.2 Dodging
 + Level 4.0 Shields


You had 2 spell levels left.
You didn't know any spells.
Your spell library contained the following spells:

 Spells                   Type           Power      Damage    Failure   Level
 Animate Skeleton         Necr           0%         N/A       86%         1
 Pain                     Necr           0%         1d4       86%         1
 Gell's Gravitas          Tloc           0%         N/A       99%         3
 Lesser Beckoning         Tloc           0%         N/A       99%         3
 Teleport Other           Tloc           0%         N/A       99%         3
 Vampiric Draining        Necr           0%         2d6       99%         3


Dungeon Overview and Level Annotations

Branches:
Dungeon (2/15)

Altars:


Innate Abilities, Weirdness & Mutations

You have a pair of horns on your head.
You reflexively headbutt those who attack you in melee.


Message History

You hit the gnoll but do no damage.
The gnoll is severely wounded.
The gnoll hits you with a +0 flail!
There are monsters nearby!
You barely miss the gnoll.
The gnoll is severely wounded.
The gnoll barely misses you. The gnoll closely misses you.
There are monsters nearby!
There are monsters nearby!
You hit the gnoll.
You headbutt the gnoll, but do no damage.
The gnoll is almost dead.
The gnoll hits you but does no damage. The gnoll hits you with a +0 flail.
The gnoll barely misses you.
There are monsters nearby!
You barely miss the gnoll.
The gnoll is almost dead.
You block the gnoll's attack. The gnoll barely misses you.
There are monsters nearby!
You completely miss the gnoll.
The gnoll is almost dead.
The gnoll hits you but does no damage. The gnoll closely misses you.
The gnoll hits you with a +0 flail!
Unknown command.
You are too injured to fight recklessly!
You are too injured to fight recklessly!
You are too injured to fight recklessly!
You are too injured to fight recklessly!
You feel very mighty all of a sudden. The gnoll hits you but does no damage.
The gnoll hits you with a +0 flail.
You slash the gnoll!
You kill the gnoll!
The gnoll closely misses you.
Your Long Blades skill increases to level 3!
The gnoll hits you with a +0 halberd!
* * * LOW HITPOINT WARNING * * *
Things that are here:
a +0 flail; a gnoll corpse You closely miss the gnoll.
The gnoll hits you with a +0 halberd!
You die...

#############.## ####
#...#### ...#
#.....#....######
##.......###...#........
## ##.##......## #.
#.####.# #. #.# # #. #.#
#. #@# #. #g# #.# #.#
#.. ###


You could see a gnoll.

Vanquished Creatures
  A gnoll (D:2)
  An adder (D:2)
  A dart slug (D:1)
  6 bats
  An endoplasm (D:1)
  5 goblins
  4 hobgoblins (D:1)
  4 ball pythons (D:1)
  3 frilled lizards (D:1)
  A kobold (D:1)
  5 rats (D:1)
32 creatures vanquished.

Notes
Turn   | Place    | Note
-------+----------+-------------------------------------------
     0 | D:1      | Iusername the Minotaur Fighter began the quest for the Orb.
     0 | D:1      | Reached XP level 1. HP: 19/19 MP: 0/0
   319 | D:1      | Reached XP level 2. HP: 27/27 MP: 1/1
   814 | D:1      | Found a faded altar of an unknown god.
   954 | D:2      | Reached XP level 3. HP: 33/33 MP: 2/2
  1214 | D:2      | HP: 1/33 [gnoll/+0 halberd (9)]
  1215 | D:2      | Mangled by a gnoll

Illustrated notes

Levels and vault maps discovered:
D:1:      erik_arrival_triangle_medium, layout_loops_ring,
          hellmonk_ecumenical_altar_leap_of_faith,
          corexii_item_surrounded_by_moat
D:2:      layout_loops_ring, uniq_jessica

Skill      XL: |  1  2  3 |
---------------+----------+-----
Fighting       | 4 |  4.2
Armour         | 4 |  4.2
Shields        | 4 |  4.0
Long Blades    | 3 |  3.3
Dodging        | |  0.2

Action                   || total
-------------------------++-------
Melee: Long sword        ||    77
       Headbutt          ||    10
  Use: Potion            ||     1
Armor: Scale mail        ||    34
Dodge: Dodged            ||    40
Block: Buckler           ||    21
